 Dungeon Crawl Stone Soup version 0.31.0-11-ge490571c62 (webtiles) character file.

Game seed: 15620253277064277670

44 protoss039 the Ruffian (level 3, 0/16 HPs)
             Began as a Demonspawn Shapeshifter on Jan 31, 2024.
             Slain by a goblin
             ... wielding a +0 club
             ... led by Robin
              (1 damage)
             ... on level 3 of the Dungeon.
             The game lasted 00:02:55 (1386 turns).

protoss039 the Ruffian (Demonspawn Shapeshifter)    Turns: 1386, Time: 00:02:55

Health: 0/16       AC:  3    Str: 14    XL:     3   Next: 41%
Magic:  3/3        EV: 16    Int: 12    God:
Gold:   59         SH:  0    Dex: 12    Spells: 2/2 levels left

rFire   . .          .
                       - Unarmed
rCold   . . .        (shield currently unavailable)
rNeg    + . .        i - melded +0 scale mail
rPois   .            (no helmet)
rElec   .            (no cloak)
rCorr   .            n - +2 pair of gloves
SInv    .            (no boots)
Will    .....        (no amulet)
Stlth   +            g - ring of positive energy
HPRegen 0.22/turn    (no ring)
MPRegen 0.08/turn

%: no passive effects
@: mighty, flux-form, attractive, glowing
A: glow, contaminating, reduced hp, claws 1
a: Begin Untransformation


You were on level 3 of the Dungeon.
You were something dangerously unstable.
You visited 1 branch of the dungeon, and saw 3 of its levels.

You collected 59 gold pieces.

Inventory:

Armour
 i - a +0 scale mail (melded)
 n - a +2 pair of gloves (worn)
Jewellery
 g - a ring of positive energy (left hand)
Talismans
 c - a beast talisman
 d - a flux talisman (active)
Wands
 k - a wand of flame (11)
Scrolls
 a - a scroll of identify {unknown}
 e - 3 scrolls of teleportation {unknown}
 h - a scroll of brand weapon {unknown}
 l - a scroll of revelation {unknown}
Potions
 b - 3 potions of lignification
 m - a potion of mutation {unknown}


   Skills:
 + Level 1.7 Fighting
 + Level 2.2 Dodging
 * Level 3.2 Unarmed Combat
 + Level 3.0 Shapeshifting


You had 2 spell levels left.
You didn't know any spells.
Your spell library contained the following spells:

 Spells                   Type           Power      Damage    Failure   Level
 Slow                     Hex            0%         N/A       32%         1
 Ensorcelled Hibernation  Hex/Ice        0%         N/A       45%         2
 Confusing Touch          Hex            0%         N/A       69%         3
 Passwall                 Erth           0%         N/A       69%         3
 Sigil of Binding         Hex            0%         N/A       69%         3
 Swiftness                Air            0%         N/A       69%         3
 Vampiric Draining        Necr           0%         2d6       69%         3


Dungeon Overview and Level Annotations

Branches:
Dungeon (3/15) Zot: 16609

Altars:
Yredelemnul

Annotations:
D:3 Robin


Innate Abilities, Weirdness & Mutations

You are something dangerously unstable.
You glow with magical radiation, making you easy to see and hit.
Foes you strike become dangerously contaminated with magical radiation.
Your maximum health is decreased, since you lack skill for your form.
You are incapable of wielding weapons or throwing items.
You have sharp fingernails.


Message History

Unknown command.
You completely miss the hobgoblin. The hobgoblin hits you.
Robin throws the goblin at you!
Unknown command.
You hit the goblin.
The goblin begins to glow.
The goblin is severely wounded.
The hobgoblin hits you but does no damage.
A goblin comes into view. It is wielding a +0 dagger of pain.
The goblin barely misses you.
Unknown command.
You hit the goblin.
You kill the goblin!
The hobgoblin barely misses you. Robin throws the goblin at you!
The goblin hits you with a +0 club.
Unknown command.
You closely miss the goblin. The hobgoblin hits you.
The goblin closely misses you.
Robin roars a battlecry!
Unknown command.
You are too injured to fight recklessly!
Unknown command.
The hobgoblin attacks as it pursues you!
The hobgoblin completely misses you. The goblin hits you with a +0 club.
* * * LOW HITPOINT WARNING * * *
Unknown command.
The goblin attacks as it pursues you! The goblin hits you with a +0 club.
* * * LOW HITPOINT WARNING * * *
Things that are here:
a +0 club; a goblin corpse Unknown command.
Unknown command.
It was a potion of attraction.
You feel attractive to monsters.
The goblin no longer looks unusually strong.
The goblin closely misses you.
Unknown command.
It was a potion of might.
You feel very mighty all of a sudden. The goblin hits you with a +0 club.
You die...

#.# #.# #.#
#####.# '
#.....# 8.
#.##### ... #.#
##### ..# #.#
#.gg# Kg
#.###p#.##.##.#.
#.....#g.g......
###########.#.##


You could see a hobgoblin (strong) and a goblin.

Vanquished Creatures
  A ribbon worm (D:2)
  2 ball pythons (D:1)
  5 bats
  5 endoplasms
  3 giant cockroaches
  7 goblins
  2 hobgoblins
  5 kobolds
  A quokka (D:2)
  2 frilled lizards (D:2)
  2 rats (D:1)
35 creatures vanquished.

Vanquished Creatures (others)
  A butterfly (D:3)
1 creature vanquished.

Grand Total: 36 creatures vanquished

Notes
Turn   | Place    | Note
-------+----------+-------------------------------------------
     0 | D:1      | protoss039 the Demonspawn Shapeshifter began the quest for
                  | the Orb.
     0 | D:1      | Reached XP level 1. HP: 15/15 MP: 1/1
   218 | D:1      | Gained mutation: You have sharp fingernails. [demonic
                  | ancestry]
   218 | D:1      | Reached XP level 2. HP: 21/21 MP: 2/2
   868 | D:2      | Reached XP level 3. HP: 26/26 MP: 3/3
  1193 | D:2      | Found a basalt altar of Yredelemnul.
  1366 | D:3      | Noticed Robin
  1386 | D:3      | Slain by a goblin

Illustrated notes

Levels and vault maps discovered:
D:1:      sevenhm_arrival_forest_fort_small_4, layout_loops_cross
D:2:      layout_rooms, basic_altar
D:3:      layout_basic, nicolae_elyvilon_peaceful_grove,
          dreamdust_ecumenical_altar_angels_and_demons, uniq_robin, uniq_terence

Skill      XL: |  1  2  3 |
---------------+----------+-----
Dodging        | 2 |  2.2
Unarmed Combat | 3 |  3.2
Shapeshifting  | 3 |  3.0
Fighting       | |  1.7

Action                     || total
---------------------------++-------
  Melee: Unarmed           ||    88
    Use: Potion            ||     2
 Armour: Ring mail         ||    21
         Scale mail        ||    10
         Skin              ||    13
  Dodge: Dodged            ||    48
   Form: Beast             ||     1
         Flux              ||     1
